 Dungeon Crawl Stone Soup version 0.21-a0-440-g28109cb (webtiles) character file.

503 sagitran the Slasher (level 6, -1/43 HPs)
             Began as a Demonspawn Gladiator on Nov 10, 2017.
             Slain by a centaur (6 damage)
             ... on level 5 of the Dungeon on Nov 11, 2017.
             The game lasted 00:20:33 (5950 turns).

sagitran the Slasher (Demonspawn Gladiator)         Turns: 5950, Time: 00:20:35

Health: -1/43      AC:  5    Str: 14    XL:     6   Next: 96%
Magic:  6/6        EV: 14    Int: 15    God:
Gold:   80         SH:  0    Dex: 20    Spells: 5/5 levels left

rFire    . . .     SeeInvis .   a - +0 long sword
rCold    + . .     Gourm    .   (no shield)
rNeg     . . .     Faith    .   b - +0 leather armour
rPois    .         Spirit   .   (helmet restricted)
rElec    .         Reflect  .   (no cloak)
rCorr    .         Harm     .   q - +0 pair of gloves (curse)
MR       .....                  (no boots)
Stlth    ++........             (no amulet)
HPRegen  0.54/turn              n - +4 ring of dexterity
MPRegen  0.10/turn              (no ring)

@: brilliant
A: beak, rugged brown scales 1, cold resistance 1, frail 1, icemail, sense
surroundings 1, regeneration 1, freezing cloud immunity
a: no special abilities


You were on level 5 of the Dungeon.
You were hungry.

You visited 1 branch of the dungeon, and saw 5 of its levels.

You collected 80 gold pieces.

Inventory:

Hand Weapons
 a - a +0 long sword (weapon)
 i - a +0 blowgun
Missiles
 d - 2 throwing nets
 j - 4 tomahawks
 p - 8 javelins (quivered)
Armour
 b - a +0 leather armour (worn)
 c - a +0 helmet
 q - a cursed +0 pair of gloves (worn)
Jewellery
 n - a +4 ring of dexterity (left hand)
Scrolls
 g - a scroll of magic mapping
 h - a scroll of identify
 m - a scroll of fear {unknown}
 o - a scroll of enchant armour {unknown}
 t - a scroll of remove curse
Potions
 r - a potion of cancellation
Comestibles
 f - a chunk of flesh


   Skills:
 + Level 3.1 Fighting
 + Level 5.3 Long Blades
 + Level 2.0 Throwing
 + Level 2.2 Armour
 + Level 3.6 Dodging
 + Level 1.8 Stealth


You had 5 spell levels left.
You didn't know any spells.

Dungeon Overview and Level Annotations

Branches:
Dungeon (5/15)             Temple (0/1) D:5

Altars:
Fedhas
Hepliaklqana
Uskayaw

Shops:
D:4 }


Innate Abilities, Weirdness & Mutations

You are partially covered in rugged brown scales. (AC +1, +3% HP)
Your flesh is cold resistant. (rC+)
A meltable icy envelope protects you from harm. (AC +0)
You are immune to freezing clouds.
You have a beak for a mouth.
You are frail. (-10% HP)
You passively map a small area around you.
Your natural rate of healing is unusually fast.


Message History

* * * LOW HITPOINT WARNING * * *
The arrow burns you.
* * * LOW HITPOINT WARNING * * *
It was a potion of curing.
You feel better.
You feel extremely strange.
You feel frail.
Your mouth lengthens and hardens into a beak!
Your +0 helmet falls away!
You feel a strange attunement to the structure of the dungeons.
You begin to heal more quickly.
You barely miss the centaur.
The centaur unwields an uncursed shortbow of flaming.
It stops flaming.
The centaur barely misses you.
You barely miss the centaur. You peck the centaur.
The centaur is lightly wounded.
You are feeling hungry.
The centaur hits you!
* * * LOW HITPOINT WARNING * * *
The crimson imp blinks!
The centaur hits you.
You die...

....# , ..(....####... , *
....# ............. ,
....# . * #...........,
....#.. , , #.....5..... ,
,
....#.####.###...........
,
....#...[#.......(.###...,
,
....#..#.#..##..#§.......
, .>.........
#..c###....., ,,,,
.......#.#.* #.⌠@# .....
.......#...###..(###..###
, ....)..# #.....(.......
, .......#.##.⌠..>..⌠..#..
, ...#....................
, ...#.#####.###...###....
...........# #.⌠.# *.... *
..<#.#.###.###...###....
..##.#.................. ,


You could see a centaur and a crimson imp.

Vanquished Creatures
  A howler monkey (D:5)
  A crimson imp (D:5)
  An orc priest (D:4)
  3 iguanas (D:4)
  3 orc wizards
  A worker ant (D:4)
  7 adders
  An ooze (D:2)
  7 worms
  3 dart slugs
  2 leopard geckos
  22 orcs
  A ball python (D:3)
  4 bats
  6 giant cockroaches
  7 goblins
  6 hobgoblins
  6 jackals (D:3)
  11 kobolds
  5 quokkas
  5 frilled lizards
  7 rats
110 creatures vanquished.

Notes
Turn   | Place    | Note
-------+----------+-------------------------------------------
     0 | D:1      | sagitran the Demonspawn Gladiator began the quest for the Orb.
     0 | D:1      | Reached XP level 1. HP: 16/16 MP: 1/1
   663 | D:1      | Gained mutation: Your flesh is cold resistant. (rC+) [demonic ancestry]
   663 | D:1      | Reached XP level 2. HP: 13/22 MP: 2/2
  1056 | D:1      | Reached skill level 3 in Long Blades
  1382 | D:1      | Reached skill level 1 in Armour
  1705 | D:2      | Gained mutation: You are immune to freezing clouds. [demonic ancestry]
  1705 | D:2      | Reached XP level 3. HP: 25/28 MP: 3/3
  2273 | D:2      | Found a hide-covered altar of Uskayaw.
  2305 | D:2      | Reached XP level 4. HP: 24/34 MP: 4/4
  3181 | D:3      | Reached skill level 4 in Long Blades
  3624 | D:3      | Gained mutation: You are partially covered in rugged brown scales. (AC +1, +3% HP) [demonic ancestry]
  3624 | D:3      | Reached XP level 5. HP: 30/40 MP: 5/5
  4768 | D:4      | Found Udiesoj's Gadget Boutique.
  4821 | D:4      | Reached skill level 1 in Stealth
  4821 | D:4      | Gained mutation: A meltable icy envelope protects you from harm. (AC +0) [demonic ancestry]
  4821 | D:4      | Reached XP level 6. HP: 40/47 MP: 6/6
  4873 | D:4      | Found a hazy altar of Hepliaklqana.
  5118 | D:4      | Reached skill level 5 in Long Blades
  5539 | D:4      | Found a blossoming altar of Fedhas.
  5825 | D:5      | Entered Level 5 of the Dungeon
  5922 | D:5      | Found a staircase to the Ecumenical Temple.
  5947 | D:5      | Gained mutation: You are frail. (-10% HP) [potion of mutation]
  5947 | D:5      | Gained mutation: You have a beak for a mouth. [potion of mutation]
  5947 | D:5      | Gained mutation: You passively map a small area around you. [potion of mutation]
  5947 | D:5      | Gained mutation: Your natural rate of healing is unusually fast. [potion of mutation]
  5950 | D:5      | Slain by a centaur

Vault maps used:
D:1:      lightli_arrival_quake
D:2:      overflow_temple_1_default
D:4:      marbit_many_paths, kennysheep_mini, serial_shops,
          nicolae_shop_statue_plus
D:5:      minmay_diamond_boxcup, minmay_temple_entry_junction, first_bread

Skill      XL: |  1  2  3  4  5  6 |
---------------+-------------------+-----
Long Blades    | 3 4 5 |  5.3
Armour         | 1 2 |  2.2
Dodging        | 3 |  3.6
Stealth        | 1 |  1.8
Fighting       | 3 |  3.1
Throwing       | 2 |  2.0

Action                   |  1- 3 |  4- 6 || total
-------------------------+-------+-------++-------
Melee: Long sword        |   130 |   324 ||   454
       Peck              |       |     1 ||     1
Throw: Throwing net      |     1 |     7 ||     8
       Javelin           |       |     4 ||     4
  Use: Scroll            |       |     8 ||     8
       Potion            |       |     6 ||     6
 Stab: Held in net/web   |     2 |     3 ||     5
       Sleeping          |       |     4 ||     4
       Distracted        |       |     1 ||     1
  Eat: Chunk             |     1 |     9 ||    10
       Bread ration      |     1 |       ||     1
       Royal jelly       |       |     1 ||     1
Armor: Leather armour    |    30 |    90 ||   120
Dodge: Dodged            |    91 |   256 ||   347
       Rpst.: Long sword |    26 |    69 ||    95

Table legend:
 A = Spawn XP
 B = Non-spawn XP
 C = Spawn XP percentage of total XP
 D = Spawn monster count
 E = Non-spawn monster count
 F = Spawn count percentage of total count
 G = Total turns spent on level
                    A         B        C        D         E        F      G
               +---------+---------+-------+---------+---------+-------+---------
         Total |       0 |     719 |   0.0 |       0 |     110 |   0.0 |  5950
               +---------+---------+-------+---------+---------+-------+---------
           D:1 |       0 |      39 |   0.0 |       0 |      20 |   0.0 |  1688
           D:2 |       0 |      75 |   0.0 |       0 |      19 |   0.0 |  1197
           D:3 |       0 |     155 |   0.0 |       0 |      45 |   0.0 |  1442
           D:4 |       0 |     348 |   0.0 |       0 |      24 |   0.0 |  1498
           D:5 |       0 |     102 |   0.0 |       0 |       2 |   0.0 |   125
               +---------+---------+-------+---------+---------+-------+---------
